Map: Automaton LE

Players

KillJoy - Winner!

  • Race: Zerg Zerg
  • League: Master
  • Spawn Location: 9:00

Rowrin

  • Race: Terran Terran
  • League: Master
  • Spawn Location: 3:00

VOD

Have the link to the VOD?

Description

ZvT BC into Bio

Time

  • Played on: April 3, 2019, 4:14 a.m.
  • Length: 24:29
Show
View Real Time Build Order
Export as new Build Order

KillJoy Zerg - Winner!

Build Orders: Pool First 

Get SALT Encoding   

  12  0:00  Drone  
  13  0:16  Overlord  
  13  0:20  Drone  
  14  0:35  Drone x2  
  14  0:39  Drone  
  17  0:49  Spawning Pool  
  16  0:53  Drone  
  17  1:13  Hatchery  
  16  1:26  Drone  
  16  1:30  Extractor  
  16  1:39  Queen  
  18  1:42  Zergling x4  
  20  1:58  Hatchery  
  19  2:03  Drone  
  20  2:19  Queen  
  22  2:26  Queen  
  24  2:35  Metabolic Boost  
  24  2:43  Drone  
  24  2:44  Drone  
  26  2:48  Drone  
  27  2:55  Overlord  
  28  3:20  Drone x7  
  34  3:37  Drone x2  
  34  3:39  Drone x2  
  38  3:41  Drone  
  38  3:43  Lair  
  38  3:48  Zergling x4  
  41  4:16  Drone  
  42  4:18  Overlord  
  42  4:19  Overlord  
  42  4:22  Pneumatized Carapace  
  42  4:34  Roach Warren  
  42  4:37  Extractor x2  
  39  4:39  Drone x10  
  39  4:45  Queen x2  
  53  4:56  Overlord  
  53  4:59  Overlord  
  53  5:12  Overlord x2  
  53  5:14  Glial Reconstitution  
  53  5:16  Overseer  
  53  5:22  Drone x2  
  53  5:23  Queen x3  
  61  5:36  Overseer, Spore Crawler  
  61  5:41  Drone, Spore Crawler  
  61  5:42  Drone  
  61  5:43  Drone x5  
  66  5:55  Drone  
  66  5:56  Spire  
  66  6:00  Roach x3  
  72  6:07  Drone  
  72  6:10  Evolution Chamber, Overlord, Roach  
  74  6:18  Overlord  
  74  6:19  Overlord  
  70  6:52  Drone x7  
  70  6:53  Drone x10  
  70  6:54  Drone x2  
  89  7:01  Drone  
  84  7:15  Zerg Missile Weapons Level 1  
  84  7:25  Extractor x2  
  84  7:28  Overlord x5  
  82  7:30  Drone x3  
  82  7:36  Roach  
  87  7:44  Drone  
  88  7:45  Roach x2  
  88  7:50  Zerg Flyer Weapons Level 1  
  94  7:53  Corruptor x2  
  94  7:57  Spore Crawler  
  94  8:07  Corruptor x5  
  99  8:16  Corruptor x2  
  94  8:37  Corruptor x2  
  96  8:46  Drone x6  
  96  8:48  Drone x2  
  104  8:49  Queen x3  
  104  8:51  Roach x5  
  120  9:05  Drone  
  120  9:06  Hatchery  
  120  9:12  Drone  
  120  9:14  Zerg Melee Weapons Level 1, Extractor  
  120  9:18  Hydralisk Den  
  119  9:25  Overseer  
  119  9:37  Corruptor x3  
  119  9:38  Corruptor  
  127  9:40  Roach  
  127  9:41  Zergling x2  
  127  9:44  Overlord  
  127  9:45  Overlord x8  
  124  10:03  Corruptor x4  
  130  10:08  Drone  
  130  10:09  Drone x6  
  130  10:13  Zerg Flyer Weapons Level 2  
  137  10:21  Drone x4  
  137  10:22  Drone x2  
  143  10:40  Baneling Nest  
  143  10:41  Extractor  
  141  10:42  Extractor  
  141  10:43  Drone x2  
  141  10:44  Drone x2  
  141  10:46  Drone x2  
  141  10:48  Drone x2  
  148  10:50  Roach  
  148  10:51  Zergling x2, Roach x3  
  148  10:52  Zergling x4  
  159  11:05  Corruptor  
  159  11:06  Corruptor x5  
  159  11:09  Zergling x6  
  159  11:10  Zergling x4  
  176  11:15  Infestation Pit  
  169  11:32  Corruptor  
  169  11:33  Corruptor x5  
  169  11:37  Zergling x6  
  169  11:38  Zergling x8  
  167  11:49  Zergling x2  
  167  11:50  Zergling x18  
  173  12:01  Hive  
  173  12:05  Drone x2  
  173  12:06  Drone  
  154  12:16  Corruptor x4  
  154  12:18  Centrifical Hooks  
  154  12:22  Hatchery  
  161  12:23  Zergling x2  
  161  12:24  Zergling x14  
  161  12:25  Zergling x2  
  170  12:35  Drone  
  171  12:37  Evolution Chamber  
  171  12:38  Zerg Ground Armor Level 1  
  170  12:44  Zergling x2  
  170  12:45  Zergling x14  
  178  13:04  Zerg Melee Weapons Level 2  
  178  13:09  Corruptor x5  
  178  13:10  Corruptor x3  
  194  13:13  Baneling  
  194  13:14  Baneling x8  
  194  13:28  Overlord  
  194  13:36  Zergling x2  
  194  13:37  Zergling x10  
  200  13:51  Baneling x3  
  200  13:52  Baneling x27  
  200  13:53  Baneling x3  
  200  14:11  Greater Spire  
  200  14:35  Zerg Ground Armor Level 2  
  200  14:37  Adrenal Glands  
  200  14:38  Grooved Spines  
  197  15:32  Zerg Melee Weapons Level 3  
  197  15:50  Muscular Augments  
  197  15:55  Overseer  
  185  16:13  Brood Lord x4  
  185  16:14  Brood Lord x5  
  195  16:24  Extractor  
  194  16:26  Extractor  
  194  16:31  Hatchery  
  192  16:34  Drone x3  
  192  16:36  Drone  
  182  17:13  Zergling x4  
  182  17:14  Zergling x56  
  182  17:15  Zergling x26  
  163  17:26  Baneling x5  
  163  17:27  Baneling x5  
  151  17:41  Brood Lord x8  
  151  17:42  Brood Lord, Corruptor x8  
  151  17:43  Corruptor x3  
  189  17:59  Baneling  
  189  18:00  Baneling x15  
  189  18:01  Baneling  
  143  18:35  Corruptor x7  
  143  18:37  Zergling x2  
  143  18:38  Zergling x42  
  175  18:50  Zergling x4  
  175  18:51  Zergling x12  
  149  19:19  Corruptor  
  149  19:20  Corruptor x10  
  158  19:30  Zergling x2  
  158  19:31  Zergling x24  
  157  20:05  Extractor x2  
  157  20:06  Drone x3  
  158  20:07  Drone x3  
  158  20:08  Drone  
  158  20:12  Zerg Ground Armor Level 3, Zerg Flyer Weapons Level 3  
  162  20:20  Corruptor  
  162  20:21  Corruptor x5, Drone  
  174  20:36  Hatchery  
  174  20:42  Corruptor  
  173  20:43  Corruptor x3  
  173  20:46  Hatchery  
  180  21:09  Zergling x18  
  180  21:10  Zergling x14  
  198  21:11  Baneling x6  
  198  21:12  Baneling x9  
  198  21:13  Baneling x8  
  192  21:23  Drone x5  
  187  21:46  Baneling x5  
  187  21:47  Baneling  
  140  22:17  Drone  
  141  22:24  Hydralisk x11  
  141  22:25  Hydralisk x6  
  175  22:34  Extractor  
  175  22:35  Extractor  
  173  22:46  Drone x8  
  173  22:47  Drone  
  173  22:48  Drone x3  
  183  23:11  Brood Lord  
  183  23:12  Brood Lord x7  
  198  23:22  Hatchery  
  197  23:36  Hatchery  
  174  23:48  Zergling x6  
  173  23:49  Zergling x52  
  173  23:50  Zergling x2  
  195  24:19  Extractor  
Show
View Real Time Build Order
Export as new Build Order

Rowrin Terran 

Build Orders: Gas First Reaper Expand 

Get SALT Encoding   

  12  0:01  SCV  
  13  0:13  SCV  
  14  0:18  Supply Depot  
  14  0:25  SCV  
  15  0:29  Refinery  
  15  0:40  SCV  
  16  0:46  Barracks  
  16  0:52  SCV  
  17  1:04  SCV  
  18  1:16  SCV  
  19  1:35  Orbital Command  
  19  1:36  Reaper  
  20  1:51  Command Center  
  21  2:01  SCV  
  21  2:06  Factory  
  21  2:13  Barracks Reactor  
  21  2:15  SCV  
  22  2:21  Supply Depot  
  22  2:28  SCV  
  22  2:29  Refinery  
  23  2:42  SCV  
  24  2:51  Starport  
  24  2:54  SCV  
  27  2:58  Hellion  
  27  2:59  Hellion  
  27  3:03  Orbital Command  
  28  3:27  Factory Tech Lab  
  31  3:35  Supply Depot  
  31  3:44  Bunker  
  31  3:46  Siege Tank, Fusion Core  
  31  3:56  SCV x2  
  31  3:58  Marine x2  
  35  4:08  SCV x2  
  35  4:10  Starport Tech Lab  
  33  4:32  SCV x2  
  33  4:34  Hellion x2  
  39  4:44  SCV x2  
  41  4:45  Marine  
  41  4:52  Battlecruiser  
  48  4:58  SCV x2  
  54  5:00  Hellion x2  
  54  5:05  Refinery  
  54  5:06  Refinery  
  54  5:10  Starport  
  54  5:16  SCV x2  
  54  5:18  Supply Depot  
  56  5:23  Supply Depot  
  56  5:29  SCV x2  
  56  5:32  Weapon Refit  
  58  5:37  Hellion x2  
  58  5:42  Supply Depot  
  62  5:43  SCV  
  63  5:56  SCV x2  
  65  6:04  Battlecruiser  
  71  6:11  SCV, Supply Depot  
  71  6:13  SCV  
  73  6:25  SCV x2  
  75  6:37  SCV x2  
  73  7:02  Battlecruiser  
  73  7:05  Hellion x2  
  73  7:06  SCV x2  
  73  7:07  Supply Depot  
  79  7:17  Battlecruiser  
  83  7:25  Barracks Tech Lab  
  83  7:31  Command Center  
  83  7:36  SCV x2  
  85  7:41  Factory Tech Lab  
  85  7:44  Barracks  
  85  7:46  Stimpack, Barracks x2  
  85  7:49  Marine  
  85  7:51  SCV x2  
  88  7:59  Siege Tank  
  91  8:08  Barracks  
  91  8:29  Battlecruiser  
  97  8:37  Barracks Reactor x2  
  97  8:39  Barracks Reactor  
  97  8:43  Battlecruiser, Marine  
  104  8:52  Engineering Bay  
  104  8:55  Engineering Bay  
  104  8:57  SCV x2  
  106  9:09  Marine  
  107  9:11  Supply Depot  
  107  9:20  Planetary Fortress  
  107  9:25  Siege Tank, Marine x3  
  107  9:26  Marine x2  
  107  9:28  SCV x2  
  117  9:34  Marine x2  
  117  9:37  Marine x2  
  121  9:39  Terran Infantry Armor Level 1, Terran Infantry Weapons Level 1  
  121  9:41  Missile Turret x2  
  121  9:42  Missile Turret  
  121  9:43  Marine  
  121  9:44  SCV x2, Missile Turret x2  
  124  10:02  Marine  
  124  10:05  Supply Depot  
  124  10:06  Supply Depot  
  125  10:09  Marine x7  
  125  10:10  SCV  
  125  10:13  Refinery  
  125  10:14  Refinery  
  133  10:26  Marine  
  133  10:27  SCV x2  
  136  10:31  SCV  
  136  10:33  Marine  
  138  10:40  Battlecruiser  
  144  10:52  Marine x3  
  144  10:53  Marine x2  
  144  10:55  Command Center  
  149  11:02  Combat Shield  
  149  11:06  Armory  
  149  11:22  SCV x2, Marine  
  149  11:23  SCV  
  149  11:29  Marine x6  
  149  11:40  SCV  
  149  11:41  Marine  
  149  11:42  Marine x2  
  149  11:45  Battlecruiser  
  146  11:48  Battlecruiser  
  146  11:53  Supply Depot x2  
  146  11:54  Marine x5  
  139  11:56  Siege Tank  
  147  12:14  Marine x2  
  147  12:15  Marine x3  
  140  12:18  Marine x3  
  140  12:19  Marine  
  144  12:30  Siege Tank  
  144  12:32  Marine x3  
  144  12:33  Planetary Fortress  
  144  12:34  Factory  
  144  12:35  SCV x2, Factory  
  144  12:36  SCV  
  153  12:40  Missile Turret  
  153  12:41  Missile Turret  
  153  12:44  Marine x4, Missile Turret  
  157  13:03  Marine x6  
  163  13:09  Missile Turret x2  
  163  13:10  Siege Tank, Marine, Missile Turret  
  163  13:11  Marine x2  
  169  13:13  Terran Infantry Armor Level 2, Terran Infantry Weapons Level 2  
  169  13:20  Marine  
  169  13:21  Marine x3  
  169  13:23  Factory Tech Lab  
  169  13:24  Factory Tech Lab  
  169  13:27  Marine x2  
  173  13:28  Command Center  
  173  13:31  Terran Vehicle And Ship Armor Level 1  
  173  13:32  Supply Depot  
  175  13:35  Marine x3  
  175  13:37  Medivac  
  175  13:39  Medivac  
  182  13:42  Siege Tank  
  185  13:49  Marine x3  
  185  13:54  Marine  
  189  14:07  Marine x7  
  196  14:23  Medivac x2  
  200  14:40  Starport  
  200  14:41  Starport  
  200  14:42  Starport  
  200  14:47  Siege Tank x3  
  192  14:58  Marine x2  
  192  14:59  Marine x4  
  195  15:19  Siege Tank  
  198  15:28  Starport Reactor x3  
  194  16:21  Viking x2, Missile Turret  
  194  16:22  Viking, Missile Turret x3  
  194  16:23  Missile Turret  
  181  17:11  Marine x5  
  181  17:14  Marine x4  
  116  17:28  Marine  
  116  17:29  Marine  
  106  17:34  Marine x5  
  101  17:37  Siege Tank x3  
  101  17:40  Viking x4  
  101  17:41  Viking x2  
  101  17:42  Battlecruiser x2  
  124  17:46  Planetary Fortress  
  124  17:48  Missile Turret  
  124  17:49  Missile Turret x2  
  124  17:51  Missile Turret  
  124  17:56  Refinery  
  124  17:57  Refinery  
  124  18:11  Siege Tank x3  
  133  18:12  Viking  
  133  18:13  Viking x5  
  130  18:27  Marine x2  
  130  18:28  Marine x4  
  130  18:34  Marine x3  
  103  18:45  Marine  
  103  18:46  Viking x4  
  106  19:09  Liberator, Marine x2  
  102  19:10  Marine x5, Liberator x2  
  98  19:24  Marine  
  99  19:31  Orbital Command  
  85  19:56  Viking  
  83  20:00  Refinery  
  83  20:02  Refinery  
  83  20:04  Marine x8  
  83  20:05  Marine  
  92  20:22  Marine x9  
  101  20:38  Viking  
  101  20:39  Viking x2, Marine  
  101  20:40  Marine x2  
  110  20:45  Marine x6  
  115  20:57  Marine  
  115  20:58  Marine x2  
  115  21:03  Marine x2  
  115  21:04  Missile Turret x2  
  120  21:05  Missile Turret  
  120  21:07  Missile Turret  
  120  21:15  Viking x4  
  127  21:19  Marine x5  
  127  21:20  Viking  
  132  21:28  Viking  
  133  21:37  Viking  
  77  22:08  Marine  
  77  22:09  Marine x5  
  80  22:21  Viking x3, Marine x2  
  80  22:22  Marine  
  87  22:31  Marine x2  
  87  22:32  Marine x4  
  93  22:41  Marine x2  
  93  22:42  Marine  
  96  22:48  Hellion x3  
  96  22:49  Marine x3  
  96  22:50  Marine x2  
  107  23:08  Viking  
  107  23:09  Viking x3  
  114  23:28  Hellion x3  
  114  23:29  Marine x4  
  121  23:38  Marine x5  
  79  23:47  Marine x3  
  69  23:49  Hellion  
  54  24:08  Marine x2  
Tags
 
Add a new tag
Caveats
  • Supply blocks, unpowered buildings, or Contaminate may cause inaccurate times.
  • Supply counts are checked every 10 seconds.